 Dungeon Crawl Stone Soup version 0.20.1-1-g8b1a95d66d (webtiles) character file.

2781 Peloso the Carver (level 10, -18/65 HPs)
             Began as a Halfling Fighter on Nov 18, 2017.
             Was a Follower of Okawaru.
             Demolished by a two-headed ogre
             ... wielding a +0 giant club
              (21 damage)
             ... on level 7 of the Dungeon.
             The game lasted 00:18:09 (7927 turns).

Peloso the Carver (Halfling Fighter)                Turns: 7927, Time: 00:18:10

Health: -18/65     AC: 24    Str: 20    XL:     10   Next: 1%
Magic:  10/10      EV:  8    Int:  9    God:    Okawaru [*.....]
Gold:   398        SH: 11    Dex: 18    Spells: 9/9 levels left

rFire    . . .     SeeInvis .   a - +4 falchion
rCold    . . .     Gourm    +   c - +0 shield
rNeg     . . .     Faith    .   b - +10 plate armour {ponderous}
rPois    .         Spirit   .   q - +0 helmet
rElec    .         Reflect  .   (no cloak)
rCorr    .         Harm     .   (no gloves)
MR       .....                  (no boots)
Stlth    ..........             i - amulet of the gourmand
Regen    0.2/turn               s - +3 ring of dexterity
MPRegen  0.2/turn               d - +3 ring of intelligence

@: drained, slow
A: mutation resistance 1
a: Heroism, Renounce Religion


You were on level 7 of the Dungeon.
You worshipped Okawaru.
Okawaru was aware of your devotion.
You were very full.

You visited 2 branches of the dungeon, and saw 9 of its levels.

You collected 398 gold pieces.

Inventory:

Hand Weapons
 a - a +4 falchion (weapon)
 y - a +1 whip of flaming
Armour
 b - a +10 plate armour of ponderousness (worn)
 c - a +0 shield (worn)
 q - a +0 helmet (worn)
Jewellery
 d - a +3 ring of intelligence (right hand)
 i - an amulet of the gourmand (around neck)
 s - a +3 ring of dexterity (left hand)
 v - an uncursed ring of wizardry
Scrolls
 e - a scroll of recharging {unknown}
 g - a scroll of magic mapping
 h - 7 scrolls of identify
 j - 3 scrolls of remove curse {unknown}
 k - 2 scrolls of enchant weapon {unknown}
 m - a scroll of fog {unknown}
 n - 2 scrolls of immolation {unknown}
 o - a scroll of teleportation {unknown}
 u - a scroll of amnesia {unknown}
 w - 2 scrolls of blinking {unknown}
Potions
 p - 3 potions of curing
 r - a potion of invisibility
 z - a potion of haste
Comestibles
 f - 5 bread rations
 l - 2 royal jellies
 t - 3 meat rations


   Skills:
 + Level 4.7(4.6) Fighting
 + Level 8.7(8.6) Long Blades
 + Level 7.4(7.3) Armour
 + Level 3.1(2.9) Dodging
 + Level 0.2(0.1) Stealth
 + Level 7.0(6.9) Shields
 + Level 0.2(0.1) Invocations


You had 9 spell levels left.
You didn't know any spells.

Dungeon Overview and Level Annotations

Branches:
Dungeon (8/15)             Temple (1/1) D:5
   Lair: D:8-11

Altars:
Ashenzari
Cheibriados
Dithmenos
Elyvilon
Fedhas
Gozag
Hepliaklqana
Kikubaaqudgha
Makhleb
Nemelex Xobeh
Okawaru
Qazlal
Ru
Sif Muna
Trog
Uskayaw
Vehumet
Xom
Yredelemnul
Zin
The Shining One

Shops:
D:5 (   D:7 [


Innate Abilities, Weirdness & Mutations

You are small and have problems with some larger weapons.
You are somewhat resistant to further mutation.


Message History

a - a +4 falchion (weapon)
You see here a +0 long sword.
There is a stone staircase leading down here.
You climb downwards.
The wight hits you but does no damage.
The two-headed ogre hits you with a giant club!
The two-headed ogre hits you with a giant spiked club!
You block the scorpion's attack.
There is a stone staircase leading up here.
The scorpion stings you. The wight closely misses you.
The two-headed ogre hits you with a giant club!
The two-headed ogre hits you with a giant spiked club!
You climb upwards.
There is a stone staircase leading down here.
The two-headed ogre hits you with a giant club!!
* * * LOW HITPOINT WARNING * * *
The two-headed ogre hits you with a giant spiked club.
* * * LOW HITPOINT WARNING * * *
The two-headed ogre barely misses you.
The two-headed ogre hits you with a giant spiked club!!
You die...

###### #....# ###
#....############# #..
#....##...>......# #..
#........[.......# #..
#.....s..........###..
###.....z..........))...
###......@O#.......#####..
#...###....#..##.#........
#.### #..#.....#.#....##..
#.# #..####....#....##..
#.# ###)####.#..#........
#.# #.......รท........####
#.# #...........#.#######
#.## #...........#.......#
#..###...........#.....(.#


You could see a two-headed ogre, a scorpion and a wight.

Vanquished Creatures
  The ghost of Ivernyr the Quickloader, a novice DDHu (D:5)
  A hippogriff (D:5)
  Sigmund (D:6)
  A hungry ghost (D:6)
  An orc warrior (D:6)
  2 sky beasts
  An ice beast (D:5)
  3 ogres
  2 phantoms
  A crocodile (D:6)
  A bullfrog (D:6)
  3 scorpions
  2 wights (D:7)
  3 crimson imps (D:6)
  2 orc priests
  A hound (D:6)
  4 orc wizards
  A bullfrog skeleton (D:4)
  3 centaur skeletons
  An iguana (D:7)
  3 worker ants
  5 adders
  4 shadow imps
  2 oozes (D:3)
  An adder skeleton (D:4)
  4 worms
  A dart slug (D:2)
  4 leopard geckos
  26 orcs
  7 bats
  A giant cockroach (D:5)
  7 goblins
  7 hobgoblins
  4 quokkas
  A ball python (D:1)
  A ball python zombie (D:6)
  7 frilled lizards
  3 kobolds
  A leopard gecko skeleton (D:5)
  2 quokka skeletons
  7 rats
133 creatures vanquished.

Vanquished Creatures (others)
  A human (D:3)
1 creature vanquished.

Grand Total: 134 creatures vanquished

Notes
Turn   | Place    | Note
-------+----------+-------------------------------------------
     0 | D:1      | Peloso the Halfling Fighter began the quest for the Orb.
     0 | D:1      | Reached XP level 1. HP: 15/15 MP: 1/1
   288 | D:1      | Reached XP level 2. HP: 20/20 MP: 2/2
   770 | D:2      | Reached XP level 3. HP: 24/25 MP: 3/3
  1449 | D:3      | Reached XP level 4. HP: 31/31 MP: 4/4
  2104 | D:3      | Reached skill level 3 in Long Blades
  2107 | D:3      | Reached XP level 5. HP: 19/36 MP: 5/5
  2135 | D:3      | Reached skill level 1 in Dodging
  2303 | D:3      | Found an ancient bone altar of Kikubaaqudgha.
  2345 | D:3      | Noticed a human
  2345 | D:3      | Killed a human
  2622 | D:4      | Noticed a phantom
  2659 | D:4      | HP: 1/36 [phantom (4)]
  2668 | D:4      | Killed a phantom
  2668 | D:4      | Reached skill level 4 in Long Blades
  2668 | D:4      | Reached XP level 6. HP: 2/42 MP: 6/6
  3266 | D:5      | Entered Level 5 of the Dungeon
  3269 | D:5      | Noticed a sky beast
  3308 | D:4      | HP: 1/42 [sky beast (5)]
  3314 | D:4      | Killed a sky beast
  3314 | D:4      | Reached XP level 7. HP: 23/46 MP: 7/7
  3489 | D:5      | Reached skill level 5 in Long Blades
  3489 | D:5      | Reached skill level 5 in Armour
  4218 | D:5      | Reached XP level 8. HP: 34/54 MP: 8/8
  4338 | D:5      | Found Qiacy's Weapon Shop.
  4375 | D:5      | Noticed Ivernyr's ghost (novice DDHu)
  4816 | D:5      | Killed Ivernyr's ghost
  4816 | D:5      | Reached skill level 6 in Long Blades
  4816 | D:5      | Reached skill level 5 in Shields
  4868 | D:5      | Found a staircase to the Ecumenical Temple.
  4882 | Temple   | Entered the Ecumenical Temple
  4920 | Temple   | Became a worshipper of Warmaster Okawaru
  5112 | D:5      | Noticed a hippogriff
  5123 | D:5      | Killed a hippogriff
  5123 | D:5      | Reached skill level 7 in Long Blades
  5123 | D:5      | Reached XP level 9. HP: 19/59 MP: 9/9
  5851 | D:6      | Noticed Sigmund
  5871 | D:6      | Killed Sigmund
  6139 | D:6      | Reached skill level 8 in Long Blades
  6309 | D:6      | Reached * piety under Okawaru
  7675 | D:7      | Found Zuzxot's Antique Armour Emporium.
  7872 | D:8      | Noticed a two-headed ogre
  7896 | D:7      | Reached XP level 10. HP: 59/65 MP: 10/10
  7924 | D:7      | HP: 3/65 [two-headed ogre/giant club (5)]
  7927 | D:7      | Demolished by a two-headed ogre

Skill      XL: |  1  2  3  4  5  6  7  8  9 10 |
---------------+-------------------------------+-----
Fighting       | 3 4 |  4.7
Long Blades    | 3 4 5 7 8 |  8.7
Armour         | 4 5 6 7 |  7.4
Dodging        | 1 2 3 |  3.1
Shields        | 4 5 6 7 |  7.0
Stealth        | |  0.2
Invocations    | |  0.2

Action                   |  1- 3 |  4- 6 |  7- 9 | 10-12 || total
-------------------------+-------+-------+-------+-------++-------
Melee: Long sword        |    90 |   170 |   417 |     3 ||   680
Invok: Heroism           |       |       |     2 |       ||     2
  Use: Potion            |       |     3 |     1 |       ||     4
       Scroll            |       |     5 |       |       ||     5
  Eat: Chunk             |     1 |    16 |    15 |       ||    32
       Royal jelly       |       |       |     3 |       ||     3
       Fruit             |       |       |     3 |       ||     3
Armor: Scale mail        |    42 |    56 |    77 |       ||   175
       Plate armour      |       |       |    20 |     3 ||    23
Dodge: Dodged            |    33 |    61 |   116 |     2 ||   212
Block: Shield            |    68 |    94 |   199 |     1 ||   362
       Rpst.: Long sword |    11 |    21 |    31 |       ||    63
